 Dungeon Crawl Stone Soup version 0.19-b1-3-g7dea586 (webtiles) character file.

369 dorian the Distorting Demonspawn (level 6, -4/48 HPs)
             Began as a Demonspawn Abyssal Knight on Oct 28, 2016.
             Was a Believer of Lugonu.
             Killed by divine providence
             ... invoked by an orc priest
              (10 damage)
             ... on level 4 of the Dungeon.
             The game lasted 00:07:26 (3303 turns).

dorian the Distorting Demonspawn (DsAK)             Turns: 3303, Time: 00:07:26

Health: -4/48      AC:  4    Str: 14    XL:     6   Next: 41%
Magic:  10/10      EV: 13    Int: 13    God:    Lugonu [**....]
Gold:   114        SH:  0    Dex: 13    Spells: 0 memorised, 5 levels left

rFire  . . .     SeeInvis .     a - +1 falchion
rCold  . . .     Gourm    .     b - +0 leather armour
rNeg   + . .     Faith    .     (no shield)
rPois  .         Spirit   .     (no helmet)
rElec  .         Reflect  .     (no cloak)
rCorr  .         Harm     .     (no gloves)
MR     .....                    (no boots)
Stlth  +.........               (no amulet)
                                v - +2 ring of evasion
                                q - ring of positive energy

@: no status effects
A: rugged brown scales 1, powered by pain 1
a: Depart the Abyss, Bend Space, Renounce Religion


You were on level 4 of the Dungeon.
You worshipped Lugonu.
Lugonu was pleased with you.
You were not hungry.

You visited 1 branch of the dungeon, and saw 4 of its levels.
You visited the Abyss 1 time.

You collected 114 gold pieces.

Inventory:

Hand Weapons
 a - a +1 falchion (weapon)
 f - a +0 hunting sling of flaming
Missiles
 i - 87 stones
 n - 7 poisoned tomahawks (quivered)
 p - 30 sling bullets
Armour
 b - a +0 leather armour (worn)
Jewellery
 d - an uncursed ring of protection from cold
 q - a ring of positive energy (left hand)
 v - a +2 ring of evasion (right hand)
Scrolls
 g - 4 scrolls of teleportation {unknown}
 h - 4 scrolls of identify {unknown}
 j - a scroll of enchant armour {unknown}
 l - 3 scrolls of noise {unknown}
 m - a scroll of blinking {unknown}
 r - 2 scrolls of immolation {unknown}
 s - 4 scrolls of magic mapping {unknown}
 u - a scroll of amnesia {unknown}
 w - 2 scrolls of enchant weapon {unknown}
 y - 2 scrolls of remove curse {unknown}
 z - a scroll of random uselessness {unknown}
Potions
 e - a potion of heal wounds {unknown}
 t - 2 potions of agility {unknown}
 x - 2 potions of curing {unknown}
 B - a potion of magic {unknown}
Comestibles
 c - 8 bread rations
 k - 3 beef jerkies
 o - 2 slices of pizza
 A - 6 chunks of flesh
 C - a meat ration


   Skills:
 - Level 3.0 Fighting
 * Level 5.1 Long Blades
 - Level 1.7 Armour
 - Level 0.8 Dodging
 + Level 5.7 Invocations


You had 5 spell levels left.
You didn't know any spells.

Dungeon Overview and Level Annotations

Branches:
Dungeon (4/15)             Temple (0/1) D:4

Altars:
Kikubaaqudgha
Okawaru


Innate Abilities, Weirdness & Mutations

You are partially covered in rugged brown scales. (AC +1, +3% HP)
You sometimes gain a little power by taking damage.


Message History

* * * LOW HITPOINT WARNING * * *
Unknown command.
A goblin comes into view.
The goblin shouts!
The hobgoblin no longer looks unusually strong.
A quokka comes into view.
The goblin no longer looks unusually strong.
An orc comes into view. It is wielding a short sword.
An adder comes into view.
The adder hisses angrily.
The orc shouts!
The quokka closely misses you.
An orc priest comes into view.
The orc priest shouts!
An orc comes into view. It is wielding a mace.
The orc hits you with a short sword.
* * * LOW HITPOINT WARNING * * *
The orc priest mumbles some strange prayers to Beogh against you.
Beogh smites you!
You die...

##)###.....# #...#####...#
##g## #g....######..## ##..# #
#gg# #.......##..#.. #...###
#.g# #...###..o..##. ....#..
...####..## ..#..### #....
........## #.# #.)# .###....
..###...# ##..#
#..#####..##..... .##
##..###..# ##o..oo.......####
.. ##.g##..###@...........# ##
..# ##....##.g...<####...##
##. ..#
#....#g.r....###.....###.† #..
#...##...S.....##......##...
......###...####......##......
####..# ##.## #....####......
#..# #.# ##....# #..##### #..#
##. ##.....###.## #.#
.##..........#


You could see an orc priest, an adder, 2 orcs, a quokka, a hobgoblin and a
goblin.

Vanquished Creatures
  An ogre (D:4)
  2 hounds (D:4)
  An iguana (D:4)
  A worker ant (D:4)
  Robin (D:4)
  7 adders
  3 worms
  3 dart slugs
  2 leopard geckos (D:2)
  2 orcs (D:4)
  2 ball pythons (D:3)
  5 giant cockroaches
  10 goblins
  9 hobgoblins
  6 jackals
  3 quokkas
  8 bats
  8 frilled lizards
  9 kobolds
  6 rats
89 creatures vanquished.

Notes
Turn   | Place    | Note
-------+----------+-------------------------------------------
     0 | Abyss:1  | dorian the Demonspawn Abyssal Knight began the quest for the Orb.
     0 | Abyss:1  | Reached XP level 1. HP: 18/18 MP: 2/2
    42 | Abyss:1  | Noticed a neqoxec
    43 | D:1      | Escaped the Abyss
   252 | D:1      | Reached * piety under Lugonu
   252 | D:1      | Gained mutation: You sometimes gain a little power by taking damage. [demonic ancestry]
   252 | D:1      | Reached XP level 2. HP: 24/24 MP: 4/4
   694 | D:2      | Reached XP level 3. HP: 18/29 MP: 5/5
  1258 | D:2      | Reached ** piety under Lugonu
  1278 | D:2      | Gained mutation: You are partially covered in rugged brown scales. (AC +1, +3% HP) [demonic ancestry]
  1278 | D:2      | Reached XP level 4. HP: 25/36 MP: 7/7
  1672 | D:3      | Found an iron altar of Okawaru.
  2399 | D:3      | Found an ancient bone altar of Kikubaaqudgha.
  2486 | D:4      | Reached XP level 5. HP: 42/42 MP: 8/8
  2711 | D:4      | Noticed an ogre
  2719 | D:4      | Killed an ogre
  2719 | D:4      | Reached skill level 5 in Invocations
  2971 | D:4      | Reached XP level 6. HP: 47/48 MP: 10/10
  3070 | D:4      | Found a staircase to the Ecumenical Temple.
  3188 | D:4      | Reached skill level 5 in Long Blades
  3256 | D:4      | Noticed Robin
  3282 | D:4      | Killed Robin
  3303 | D:4      | Killed from afar by an orc priest

Skill      XL: |  1  2  3  4  5  6 |
---------------+-------------------+-----
Long Blades    | 2 3 4 5 |  5.1
Invocations    | 3 4 5 |  5.7
Fighting       | |  3.0
Armour         | |  1.7
Dodging        | |  0.8

Action                   |  1- 3 |  4- 6 || total
-------------------------+-------+-------++-------
Melee: Falchion          |   117 |   158 ||   275
Throw: Tomahawk          |     2 |    11 ||    13
Invok: Depart the Abyss  |     1 |       ||     1
 Stab: Sleeping          |       |     2 ||     2
  Eat: Chunk             |     1 |     7 ||     8
Armor: Leather armour    |    28 |    30 ||    58
Dodge: Dodged            |    76 |   119 ||   195
       Rpst.: Falchion   |    27 |    40 ||    67
